[Event "37th ECCC 2022"]
[Site "Mayrhofen"]
[Date "2022.10.05"]
[Round "3.31"]
[White "Kuzubov, Yuriy"]
[Black "Boruchovsky, Avital"]
[Result "1/2-1/2"]
[ECO "D41"]
[WhiteElo "2612"]
[BlackElo "2548"]
[Annotator "TA"]
[PlyCount "101"]
[EventDate "2022.10.03"]
[EventType "team-tourn"]
[EventCountry "AUT"]
[SourceTitle "playchess.com"]
[Source "ChessBase"]
[SourceQuality "1"]
[TimeControl "40/5400+30:1800+30"]

1. d4 Nf6 2. c4 e6 3. Nf3 d5 4. Nc3 c5 5. cxd5 cxd4 6. Qxd4 exd5 7. e4 {[%emt 0:00:07] D41: Queen's Gambit Declined: Semi-Tarrasch with 5 cxd5.} dxe4 8. Qxd8+ Kxd8 9. Ng5 {[%emt 0:00:07][%csl LRe4,LRf7] White is slightly better.} Be6 10. Nxe6+ fxe6 11. Bg5 Nc6 {[%emt 0:00:37] 11...h6 is the modern continuation.} 12. Bc4 Ke7 13. Nxe4 Kf7 14. Nd2 (14. Bxf6 $5 gxf6 15. O-O-O $14) 14... h6 {[%emt 0:11:06] [#]} 15. Be3 $146 ({Predecessor:} 15. Bf4 Rd8 16. O-O-O Bd6 17. Be3 Nd5 18. Rhe1 Ne5 19. Bxd5 exd5 20. Kb1 Nc6 21. Nb3 {1-0 (48) Mamedyarov,S (2759)-Ding,L (2806) chess24.com INT 2022}) 15... Bd6 16. O-O-O Rhd8 17. Kb1 Ne5 18. Bb3 Neg4 19. Nc4 (19. Bd4 $1 $14) 19... Nxe3 $11 20. Nxd6+ Ke7 21. Rde1 Rxd6 22. Rxe3 Rc8 23. Rhe1 Rcc6 24. h4 Nd5 25. Rg3 Kf7 26. a3 b5 27. Rf3+ Ke7 28. Rd3 Nf4 29. Rxd6 Rxd6 {[%emt 0:00:16][%mdl 4096] Endgame KRB-KRN} 30. g3 Nd3 31. Re2 Nc5 32. Bc2 Kf6 33. Re3 e5 34. Rf3+ Ke7 $1 35. Rc3 Ne6 36. Be4 (36. Re3 $5 ) 36... a5 37. Kc2 g5 38. hxg5 hxg5 39. Rc8 Kf6 40. g4 Nd4+ {[%emt 0:01:46] The position is equal.} 41. Kd3 Ne6+ 42. Ke3 Rd1 $1 {[%emt 0:00:25] [#] And now ...Re1+ would win.} 43. f3 Re1+ 44. Kd2 Rg1 45. Rc6 Ke7 46. Rb6 Rg2+ 47. Kc3 Nd4 48. b4 Ne2+ 49. Kd2 Nd4+ 50. Kc3 Ne2+ 51. Kd2 {[%emt 0:00:03] Weighted Error Value: White=0.06 (flawless) /Black=0.04 (flawless)} 1/2-1/2

[Event "37th ECCC 2022"]
[Site "Mayrhofen"]
[Date "2022.10.05"]
[Round "3.32"]
[White "Erenberg, Ariel"]
[Black "Fedorchuk, Sergey A."]
[Result "0-1"]
[ECO "A05"]
[WhiteElo "2516"]
[BlackElo "2619"]
[Annotator "TA"]
[PlyCount "98"]
[EventDate "2022.10.03"]
[EventType "team-tourn"]
[EventCountry "AUT"]
[SourceTitle "playchess.com"]
[Source "ChessBase"]
[SourceQuality "1"]
[TimeControl "40/5400+30:1800+30"]

1. Nf3 Nf6 2. g3 b6 3. Bg2 Bb7 4. O-O c5 5. c4 g6 6. d4 cxd4 7. Qxd4 Bg7 8. Nc3 d6 9. Rd1 Nbd7 10. Be3 a6 {[%emt 0:07:13] A30: Symmetrical English: Double Fianchetto and Hedgehog.} 11. Rac1 Rc8 12. b3 O-O {[%emt 0:00:21][%cal Of6d5] White is slightly better.} 13. Qh4 Re8 14. Bh3 Rb8 15. g4 Nf8 {[%emt 0:04:02] [#]} 16. g5 $146 ({Predecessor:} 16. Nd5 Ba8 17. g5 Nxd5 18. cxd5 e6 19. dxe6 Nxe6 20. Qg3 d5 21. Rc2 Qe7 22. Bxe6 Qxe6 {0-1 (38) Le,T (2318)-Zhao,X (2490) China 2010}) 16... N6d7 17. Nd5 e6 18. Nc3 Qe7 19. Ne4 Bxe4 20. Qxe4 b5 (20... Nc5 $11 {keeps the balance.} 21. Qh4 a5) 21. Qc6 bxc4 22. bxc4 Bb2 23. Rc2 (23. Rxd6 $2 Bxc1 24. Bxc1 Rec8 25. Rxd7 (25. Qxa6 $2 Nc5 $19) 25... Qxd7 $19) (23. Qxd6 $2 Qxd6 24. Rxd6 Bxc1 25. Bxc1 Rb1 $19) 23... Ba3 24. Qxa6 Ra8 25. Qc6 Rec8 26. Qe4 Ra4 27. Qd3 {[%emt 0:12:07] Prevents d5.} Qd8 28. Bf4 d5 29. Nd2 (29. e3 $5 Rcxc4 30. Rxc4 dxc4 31. Qc2 $11) 29... Be7 30. Bg3 (30. e3 $5 ) 30... Ra3 31. Rc3 Nc5 32. Qc2 Rxc3 33. Qxc3 Bxg5 34. e3 Bf6 35. Qc2 h5 {[%emt 0:00:03][%cal Bh7h5,Bh5h4][%mdl 32] And now ...h4 would win.} 36. cxd5 h4 37. Bf4 g5 {[%emt 0:00:03] [#]} (37... Qxd5 $11 {remains equal.} 38. Bg4 g5) 38. dxe6 $2 {[%emt 0:01:12][%mdl 8192] Now White is beyond hope.} (38. Nc4 $1 $16 exd5 39. Bd6 (39. Bxc8 Qxc8 40. Rxd5 gxf4 $11)) 38... Ncxe6 $19 {[%emt 0:00:31] Pair of Knights!} 39. Qb3 (39. Qf5 {keeps fighting.} gxf4 40. Qg4+ Bg7 41. Ne4) 39... Rc3 40. Qa4 Rd3 ({And not} 40... gxf4 41. Ne4 Qe7 42. Nxc3 Bxc3 43. exf4 $11) ({Avoid the trap} 40... Nxf4 $2 41. Bf1 Nh3+ 42. Bxh3 $19) 41. Bf1 $2 (41. Bb8 {might work better.}) 41... Rxd2 (41... gxf4 42. Bxd3 Qxd3 43. Ne4 $14) 42. Rxd2 Qxd2 43. Bb8 Nd7 44. Qb5 Kg7 45. a4 (45. h3 $142) 45... Nxb8 46. Qxb8 Qa5 (46... g4 {...Ng5 is the strong threat.} 47. Qb5 Ng5) 47. Qe8 Qb4 {[%emt 0:04:12] [#] Threatens to win with ...Qg4+.} 48. Qa8 $2 (48. h3) 48... Qg4+ 49. Kh1 Nc5 {[%emt 0:00:27] Weighted Error Value: White=0.51/Black=0.29 (precise)} 0-1

[Event "37th ECCC 2022"]
[Site "Mayrhofen"]
[Date "2022.10.05"]
[Round "3.33"]
[White "Wagner, Dennis"]
[Black "Gorshtein, Ido"]
[Result "1-0"]
[ECO "E49"]
[WhiteElo "2570"]
[BlackElo "2471"]
[Annotator "TA"]
[PlyCount "69"]
[EventDate "2022.10.03"]
[EventType "team-tourn"]
[EventCountry "AUT"]
[SourceTitle "playchess.com"]
[Source "ChessBase"]
[SourceQuality "1"]
[TimeControl "40/5400+30:1800+30"]

1. d4 Nf6 2. c4 e6 3. Nc3 Bb4 4. e3 O-O 5. Bd3 d5 6. a3 Bxc3+ 7. bxc3 dxc4 8. Bxc4 c5 9. Ne2 Qc7 10. Bd3 Nc6 11. O-O {[%emt 0:00:16] E49: Nimzo-Indian: Rubinstein: 5 Bd3 d5 6 a3 Bxc3+ 7 bxc3.} e5 ({Resist} 11... Ng4 12. Nf4 Nf6 13. Nh5 $14 (13. dxc5 Ne5 $11)) (11... c4 12. Bxc4 e5 13. Bd3 $16) 12. Ng3 {[%emt 0:00:09] 12.e4 is a critical line.} Re8 13. Qc2 {[%emt 0:01:03] The position is equal.} h6 {[%emt 0:04:43] [#]} 14. f4 $146 ({Predecessor:} 14. Bb2 Qe7 15. Rad1 Be6 16. Bb5 cxd4 17. cxd4 exd4 18. Bxc6 bxc6 19. Bxd4 Rec8 20. Bc5 {1-0 (47) Sarana,A (2668)-Swiercz,D (2652) Chess.com INT 2022}) 14... exd4 15. cxd4 cxd4 16. e4 Ng4 17. Qe2 Bd7 18. e5 Ne3 19. Bxe3 dxe3 20. Rab1 Ne7 21. Qxe3 Rad8 22. Qxa7 Bc6 23. Be4 Rd2 24. Rf2 Rxf2 25. Qxf2 (25. Kxf2 $2 {loses.} Bxe4 26. Re1 Bd3 $19) 25... Rd8 26. Qc5 Qd7 27. Bxc6 Nxc6 28. Qe3 {[%emt 0:01:56] White is more active.} Qe6 {[%emt 0:04:48] [#]} 29. h3 $1 Qc4 30. Rc1 (30. Rxb7 $16 {And now Rc7 would win.} Rd1+ 31. Kh2) 30... Qa6 {[%emt 0:02:11] [#]} (30... Rd3 $14 31. Rxc4 Rxe3) 31. Rc3 $1 $16 Ne7 32. Kh2 Nd5 (32... Qe6 $16 33. Qe4 b6) 33. Qd4 $18 Nxc3 $2 (33... Qb6 34. Qxb6 Nxb6) 34. Qxd8+ Kh7 35. Qc7 {[%emt 0:01:42][%csl LRc3,LRf7] Against Qc4.  Weighted Error Value: White=0.09 (flawless) /Black=0.19 (very precise)} 1-0

[Event "37th ECCC 2022"]
[Site "Mayrhofen"]
[Date "2022.10.05"]
[Round "3.34"]
[White "Rozen, Eytan"]
[Black "Maze, Sebastien"]
[Result "1/2-1/2"]
[ECO "E73"]
[WhiteElo "2462"]
[BlackElo "2530"]
[Annotator "TA"]
[PlyCount "63"]
[EventDate "2022.10.03"]
[EventType "team-tourn"]
[EventCountry "AUT"]
[SourceTitle "playchess.com"]
[Source "ChessBase"]
[SourceQuality "1"]
[TimeControl "40/5400+30:1800+30"]

1. d4 Nf6 2. c4 g6 3. Nc3 Bg7 4. e4 d6 5. Be2 O-O 6. Be3 Nbd7 7. Nf3 e5 8. d5 Ng4 9. Bg5 f6 10. Bh4 h5 11. Nd2 Nh6 12. f3 {[%emt 0:01:05] E93: King's Indian: Classical: Petrosian System with 7...Nbd7.} Nf7 13. Qc2 Bh6 14. Bf2 {[%emt 0:00:02] Prevents Be3.} a5 15. O-O-O Nc5 16. Kb1 Bd7 {[%emt 0:01:46] [#]} 17. h4 $146 ({Predecessor:} 17. b3 b6 18. Nb5 Na6 19. a3 Nc5 20. Ka2 Qc8 21. Bh4 {½-½ (21) Georgescu,T (2460)-Nevednichy,V (2541) Calimanesti Caciulata 2016}) 17... Kg7 18. Nf1 (18. g4 {feels hotter.} hxg4 19. fxg4 Bf4 20. h5) 18... Rh8 19. g4 hxg4 20. fxg4 Bf4 21. h5 g5 22. Ne3 Nh6 23. Nf5+ Nxf5 24. gxf5 ({Better is} 24. exf5 $16 {aiming for Bxc5.} b6 25. b3) 24... Kh6 25. Nb5 b6 26. b3 (26. Rdg1 $16) 26... Rg8 (26... Kg7 $14) 27. Rhg1 Qc8 {[%emt 0:00:27][%cal Oc5e4] [#] White must now prevent ...Nxe4!} 28. Bg4 Na6 29. Qc3 {[%emt 0:03:21] White is much more active.} Nc5 30. Qc2 Na6 $1 31. Qc3 Nc5 $1 32. Qc2 {Weighted Error Value: White=0.26 (precise) /Black=0.11 (very precise)} (32. Qf3 $16) 1/2-1/2

[Event "37th ECCC 2022"]
[Site "Mayrhofen"]
[Date "2022.10.05"]
[Round "3.35"]
[White "Libiszewski, Fabien"]
[Black "Mindlin, Alon"]
[Result "0-1"]
[ECO "C84"]
[WhiteElo "2512"]
[BlackElo "2426"]
[Annotator "TA"]
[PlyCount "60"]
[EventDate "2022.10.03"]
[EventType "team-tourn"]
[EventCountry "AUT"]
[SourceTitle "playchess.com"]
[Source "ChessBase"]
[SourceQuality "1"]
[TimeControl "40/5400+30:1800+30"]

1. e4 e5 2. Nf3 Nc6 3. Bb5 a6 4. Ba4 Nf6 5. O-O Be7 6. d3 b5 7. Bb3 d6 8. a4 b4 9. a5 {[%emt 0:01:22] 9.Nbd2 is more advanced technology.} O-O 10. Nbd2 Be6 {[%emt 0:01:22] C84: Closed Ruy Lopez: Unusual White 6th moves.} 11. Nc4 Rb8 {[%emt 0:13:56] is the legacy move (11...Nd7).} 12. Be3 {has lost popularity (12.c3).} h6 {[%emt 0:03:58] The position is equal.} 13. h3 Qc8 14. Nfd2 d5 15. Ba4 dxc4 16. Bxc6 cxd3 (16... b3 $11) 17. cxd3 $16 Bd7 {[#]} 18. Qa4 $146 (18. Rc1 $16) ({Predecessor:} 18. Bxd7 Qxd7 19. Nc4 Rb5 20. Qe2 Rd8 21. Rad1 Qe6 22. f4 exf4 23. Bxf4 Rd7 24. Kh1 {1-0 (52) Navara,D (2697)-Mista,A (2574) Poland 2013}) 18... Bxh3 $11 19. gxh3 Qxh3 20. Rfe1 $2 (20. Qd1 $1 $11 {and White has nothing to worry.} Ng4 21. Re1) 20... b3 $1 $19 ({Worse is} 20... Ng4 21. Nf1 $11) 21. Qc4 Ng4 {[%emt 0:02:21] Black is clearly winning.} 22. Nf1 {[%emt 0:05:41] [#]} Rbd8 {[%emt 0:00:52] Against Bd7} 23. f4 exf4 24. Bxf4 {[%emt 0:00:01] [#]} Bh4 $1 ({Inferior is} 24... Rxd3 25. e5 $11) 25. Re2 {Prevents Bf2+. Strongly threatening e5.} Qf3 26. Rg2 Qxf4 27. Qxa6 Bf2+ 28. Kh1 Bd4 29. Rg3 Rd6 {[%emt 0:04:02] ( -> ...Nf2+)} 30. Qb7 Ne3 {[%emt 0:01:14] Weighted Error Value: White=1.59/Black=0.09 (flawless)} 0-1

[Event "37th ECCC 2022"]
[Site "Mayrhofen"]
[Date "2022.10.06"]
[Round "3.36"]
[White "Givon, Asaf"]
[Black "Tarlev, Konstantin"]
[Result "0-1"]
[ECO "C84"]
[WhiteElo "2434"]
[BlackElo "2577"]
[Annotator "TA"]
[PlyCount "144"]
[EventDate "2022.10.03"]
[EventType "team-tourn"]
[EventCountry "AUT"]
[SourceTitle "playchess.com"]
[Source "ChessBase"]
[SourceQuality "1"]
[TimeControl "40/5400+30:1800+30"]

1. e4 e5 2. Nf3 Nc6 3. Bb5 a6 4. Ba4 Nf6 5. O-O Be7 6. d3 b5 7. Bb3 d6 8. a4 Bd7 9. c3 O-O 10. Bc2 Re8 11. Re1 Bf8 12. Nbd2 h6 13. h3 {[%emt 0:02:13] C90: Closed Ruy Lopez with 7...d6: Early deviations.} Rb8 14. axb5 axb5 15. Nf1 {[%emt 0:08:01] The position is equal.} d5 16. exd5 Nxd5 17. Ng3 {[%emt 0:00:18] [#]} Nb6 $146 ({Predecessor:} 17... b4 18. Bd2 bxc3 19. bxc3 Nf6 20. Bb3 Bd6 {½-½ (20) Martin Clemente,J (2620)-Zidu,J (2610) ICCF email 2020}) 18. Bd2 Bc8 19. b4 Bb7 20. Nh2 Nd5 21. Ng4 {[%emt 0:14:13][%cal Od3d4] Strongly threatening d4!} Nf6 22. Nf5 Kh8 23. d4 (23. Qe2 $14) 23... Nxg4 24. Qxg4 Qf6 25. h4 Bc8 26. Qf3 (26. Qe4 {is interesting.} Bxf5 27. Qxf5 Qxf5 28. Bxf5 Red8 29. Ra6) 26... Bxf5 27. Qxf5 Qxf5 28. Bxf5 exd4 29. Rxe8 Rxe8 {[%emt 0:00:03] [#]} 30. Bd7 $1 Re2 31. Ra8 ({Stronger than} 31. Bxc6 Rxd2 32. Ra8 Kg8 33. cxd4 Rd1+ 34. Kh2 Rxd4 $17) (31. Bf4 Ne5 32. Bxb5 Re4 $11) ({White should try} 31. Be1 $16 Ne7 32. Bxb5 (32. cxd4 c6 $14)) 31... Kg8 $15 32. Bf4 Re1+ 33. Kh2 Ne5 34. Bxe5 Rxe5 35. cxd4 {[%emt 0:00:14][%mdl 4096] Endgame KRB-KRB} Rd5 36. Bc6 Rxd4 37. g3 Rxb4 38. Kg2 Rb2 39. Rc8 b4 40. Rxc7 $2 {[%emt 0:00:29][%mdl 8192] Now White is beyond hope.} (40. Bd5 $17) 40... Rc2 $19 41. Rc8 b3 42. Bd7 g6 {[%emt 0:00:00] Threatens to win with ...Rxc8.} 43. Rb8 b2 {[%emt 0:00:00] ...Kg7 is the strong threat.} 44. Be8 (44. h5 {only move.} Kg7 45. hxg6 fxg6 46. Rb7) 44... Kg7 {[%emt 0:00:00] aiming for ...Bc5.} ({Avoid the trap} 44... Rc8 $2 45. Bxf7+ Kxf7 46. Rb7+ Ke6 47. Rxb2 $19) 45. Rb7 {[%emt 0:00:00] [#]} Be7 $1 46. h5 (46. Kf3 Kf8) 46... gxh5 47. Kf3 Rc8 48. Bxf7 Kxf7 49. Rxb2 {[%emt 0:00:00] KRB-KR} h4 (49... Rc4 $142 50. Re2 h4 51. gxh4 Rxh4) 50. gxh4 $2 (50. Rb5) 50... Bxh4 51. Kg4 Bf6 52. Rb5 Kg6 53. Rd5 Rc1 {[%emt 0:00:15][%cal Oh6h5] And now ...h5+! would win.} 54. Rb5 h5+ 55. Kh3 Rc2 56. Kg3 Bd4 57. f4 Rc3+ {[%emt 0:00:15] Black mates.} 58. Kg2 Bc5 59. Rb2 Kf5 60. Ra2 Kg4 61. f5 Kxf5 62. Re2 Be3 63. Ra2 Kg4 64. Ra4+ Bf4 65. Ra2 Rc1 66. Ra3 h4 67. Rg3+ Kf5 68. Rb3 Rc2+ 69. Kh1 Kg4 70. Rb1 Kh3 71. Rb3+ Bg3 72. Rb1 Rh2+ {Weighted Error Value: White=0.69/Black=0.12 (very precise)} 0-1

[Event "37th ECCC 2022"]
[Site "Mayrhofen"]
[Date "2022.10.05"]
[Round "3.37"]
[White "Heimann, Andreas"]
[Black "Tari, Aryan"]
[Result "1/2-1/2"]
[ECO "D85"]
[WhiteElo "2573"]
[BlackElo "2656"]
[Annotator "TA"]
[PlyCount "118"]
[EventDate "2022.10.03"]
[EventType "team-tourn"]
[EventCountry "AUT"]
[SourceTitle "playchess.com"]
[Source "ChessBase"]
[SourceQuality "1"]
[TimeControl "40/5400+30:1800+30"]

1. d4 Nf6 2. c4 g6 3. Nc3 d5 4. cxd5 Nxd5 5. e4 Nxc3 6. bxc3 Bg7 7. Nf3 c5 8. Bb5+ Nc6 9. O-O O-O 10. Bxc6 bxc6 11. Qc2 {[%emt 0:00:09] D85: Exchange Grünfeld: Unusual White 7th moves and lines with 7 Nf3.} Qa5 {[%emt 0:14:52] Against Ba3} 12. Be3 Be6 {[%emt 0:17:19] [#]} 13. Nd2 $146 ({Predecessor:} 13. dxc5 Qxc3 14. Qxc3 Bxc3 15. Rac1 Bg7 16. Bd4 Rfd8 17. Bxg7 Kxg7 18. a3 f6 19. e5 {1-0 (88) Dubov,D (2720)-Puranik,A (2604) Warsaw 2021}) 13... Rfb8 14. Nb3 Qa4 {[%emt 0:02:05] [#] ...c4 is the strong threat.} 15. Rfc1 Bxb3 16. axb3 Qxb3 17. Qxb3 Rxb3 18. Ra6 Rb6 19. Rca1 {[%emt 0:01:26] [#]} (19. Ra5 $11 {keeps the balance.}) 19... Rxa6 $1 $17 20. Rxa6 cxd4 21. cxd4 {[%emt 0:01:58][%mdl 4096] Endgame KRB-KRB} Rd8 22. d5 cxd5 23. exd5 Rxd5 24. g3 g5 25. Rxa7 Bf6 26. Kg2 h5 27. Rc7 Kg7 28. Rc5 Rxc5 29. Bxc5 {[%emt 0:00:05] KB-KB} g4 30. h3 Kg6 31. hxg4 hxg4 32. Kf1 Kf5 33. Ke2 Ke4 34. Ba3 Bg5 35. Bc5 e6 36. Bb6 f5 37. Bc5 Bf6 38. Bb6 Bd4 39. Bc7 Kd5 40. Bf4 Bc5 41. Bc7 e5 42. Ba5 Bd6 43. Bd2 Ke4 44. Ba5 Bc5 45. Bd2 Kd5 46. Ba5 $1 e4 47. Bd2 Bd6 48. Be3 Be5 49. Bd2 Ke6 50. Be3 Bd6 51. Bd2 Bc5 52. Bc1 Kd5 53. Bd2 $1 e3 ({Better is} 53... Bd4 $17 54. Bf4 Kc4) 54. Bxe3 $11 {[%emt 0:00:13] The position is equal.} Bxe3 55. Kxe3 {[%emt 0:00:04] KPP-KPP} Ke5 56. Kd3 f4 57. gxf4+ Kxf4 {[%emt 0:00:03] ( -> ...Kf3)} 58. Ke2 g3 59. fxg3+ Kxg3 {Weighted Error Value: White=0.06 (flawless) /Black=0.10 (very precise)} 1/2-1/2

[Event "37th ECCC 2022"]
[Site "Mayrhofen"]
[Date "2022.10.05"]
[Round "3.38"]
[White "Hansen, Eric"]
[Black "Brunner, Nicolas"]
[Result "1-0"]
[ECO "C43"]
[WhiteElo "2613"]
[BlackElo "2448"]
[Annotator "TA"]
[PlyCount "73"]
[EventDate "2022.10.03"]
[EventType "team-tourn"]
[EventCountry "AUT"]
[SourceTitle "playchess.com"]
[Source "ChessBase"]
[SourceQuality "1"]
[TimeControl "40/5400+30:1800+30"]

1. e4 e5 2. Nf3 Nf6 3. d4 Nxe4 4. Bd3 d5 5. Nxe5 Nd7 6. Nc3 Nxc3 7. bxc3 Nxe5 8. dxe5 Bc5 {[%emt 0:03:35] C43: Petroff Defence: 3 d4.} 9. O-O O-O {[%emt 0:06:45] The main line 9...0-0 scores better than 9...Be6.} 10. Re1 $5 {[%emt 0:15:25][%mdl 4] [#] A promising side line.} Be6 $146 {[%emt 0:08:24] The position is equal.} ({Predecessor:} 10... Qh4 11. Be3 Bxe3 12. Rxe3 c5 13. Qd2 Be6 14. Rg3 f6 15. Re1 f5 16. f4 Qe7 {½-½ (32) Laube,B (2417)-Herrera,A (2275) ICCF email 2009}) 11. Rb1 b6 12. Qf3 f5 13. Bb5 Qh4 14. Bc6 Rad8 15. Qg3 Qxg3 (15... Qh5 {keeps more tension.} 16. Bf4 h6 17. h4 Be7) 16. hxg3 h6 $1 {[%emt 0:02:44] Prevents Bg5.} 17. Rd1 Kf7 ({Black should try} 17... d4 $17 18. cxd4 Rxd4 19. Rxd4 Bxd4) 18. a4 (18. Be3 $15 Bxe3 19. fxe3) 18... a5 19. Kf1 Ke7 (19... d4 $17 {...Ba2 is the strong threat.} 20. Bb5 dxc3) 20. f4 (20. Ke2 $11) 20... Bd7 (20... Rg8 $15) 21. Bxd7 $11 Rxd7 22. Ke2 Ke6 23. Rh1 Rfd8 24. Kd3 d4 {[%emt 0:06:02] Threatens to win with ...dxc3+.} 25. c4 Bb4 26. Bd2 c5 (26... Bf8 $11) 27. Rh4 $16 Rf7 28. g4 ({White should play} 28. Rbh1 $16) 28... Rdf8 $2 (28... fxg4 $11 {and Black stays safe.} 29. Rxg4 Bxd2 30. Kxd2 Kf5) 29. g3 $2 (29. gxf5+ $18 Rxf5 30. Bc1) 29... Rg8 $2 (29... fxg4 $11 30. Rbh1 Kf5) 30. Rbh1 (30. gxf5+ $18 Rxf5 31. Ke4) 30... fxg4 {[%emt 0:00:41] [#]} (30... Bxd2 $16 {was worth a try.} 31. gxf5+ Kxf5 32. Kxd2 Ke4) 31. Bc1 $1 $18 Kf5 32. Rh5+ Kg6 $2 {[%emt 0:00:07] [#]} (32... Ke6 {might work better.} 33. Ke4 Rd8) 33. Ke4 $1 {[%emt 0:00:13] aiming for f5+. White is clearly winning.} Rgf8 (33... Rc7 $142 34. R5h4 Kf7) 34. e6 Rf6 35. f5+ Kh7 36. Bg5 Rxf5 37. e7 {[%emt 0:00:06] Weighted Error Value: White=0.26 (precise) /Black=0.47} 1-0

[Event "37th ECCC 2022"]
[Site "Mayrhofen"]
[Date "2022.10.05"]
[Round "3.39"]
[White "Breder, Dennis"]
[Black "Christiansen, Johan-Sebastian"]
[Result "0-1"]
[ECO "C07"]
[WhiteElo "2450"]
[BlackElo "2576"]
[Annotator "TA"]
[PlyCount "116"]
[EventDate "2022.10.03"]
[EventType "team-tourn"]
[EventCountry "AUT"]
[SourceTitle "playchess.com"]
[Source "ChessBase"]
[SourceQuality "1"]
[TimeControl "40/5400+30:1800+30"]

1. e4 e6 2. d4 d5 3. Nd2 c5 4. Ngf3 cxd4 5. Nxd4 Nc6 6. Bb5 Bd7 7. Nxc6 bxc6 8. Bd3 Qc7 9. Qe2 {[%emt 0:00:16] C07: French Tarrasch: 3...c5, 4 Ngf3 and 4 exd5 Qxd5.} Ne7 10. Nf3 Ng6 11. O-O {[%emt 0:00:43] The position is equal.} Be7 $1 {[%emt 0:00:08][%mdl 4] outshines the older 11...Bd6.} 12. Re1 O-O {[%emt 0:00:35] [#]} 13. exd5 $146 ({Predecessor:} 13. e5 c5 14. Bg5 Rae8 15. c4 Bc6 16. cxd5 Bxd5 17. Bxe7 Rxe7 18. Be4 Rd7 19. Qc2 Bxe4 20. Rxe4 {½-½ (41) Jones,G (2709)-Shankland,S (2717) Saint Louis 2019}) 13... cxd5 14. Ng5 Rae8 15. Qh5 {[%emt 0:06:14][%csl Gg5][%cal Rh5h7] [#]} Bxg5 16. Qxg5 f5 17. f4 d4 {[%emt 0:05:01] Prevents Be3.} 18. Bd2 Bc6 19. h4 Qb7 20. b4 Rf6 21. Re2 {[%emt 0:00:24] Inhibits Ne5.} Nh8 {[%emt 0:01:28][%cal Bg6h8,Bh8f7,Bf7d6,Bd6e4][%mdl 32] Threatens to win with ...Rg6.} 22. h5 {[%emt 0:00:46] Inhibits Rg6.} Nf7 23. Qh4 Qb6 (23... Nd6 $15 {deserves consideration.}) 24. a4 $11 Nd6 25. b5 Bd5 26. a5 Qc5 27. Rb1 Ne4 28. Bb4 Qc7 29. Rd1 Rb8 30. Bxe4 fxe4 31. Rxd4 {[%emt 0:00:28][%cal Oc2c4] aiming for c4!} Rxb5 ({But not} 31... Rxf4 32. Qe7 Qe5 33. Rxd5 (33. Qxa7 Rxb5 34. c3 h6 $15) 33... Qxd5 34. Rd2 $11) 32. c3 (32. Qe1 $1 $11 {remains equal.} Qb8 33. Rexe4 Bxe4 34. Qxe4) 32... Rxf4 ({Better is} 32... h6 $17 33. Qg3 Qf7) 33. Qh3 $2 (33. Rf2 $1 $15 Rxf2 34. Qxf2) 33... Qf7 {[%emt 0:02:13] ...Rf1+ is the strong threat.} 34. Re1 {[%emt 0:00:40] Inhibits Rf1+.} h6 35. Qg3 $2 {[%emt 0:00:01][%mdl 8192] This move loses the game for White.} (35. Bd6 $17 e5 36. Qc8+ Kh7 37. Bxe5) 35... Rf5 (35... e5 $142 36. Rd2 Qxh5) 36. Qd6 $2 (36. Qg6 {was called for.}) 36... e5 (36... Qxh5 $142 {And now ...Qh4 would win.} 37. Qg3 Rb7) 37. Rd2 $2 (37. Rdd1) 37... e3 $19 38. Qd8+ Kh7 39. Rxe3 Rf1+ 40. Kh2 Qxh5+ (40... Qf4+ $142 41. Rg3 Qxd2) 41. Rh3 Qf7 42. Qh4 Rb7 43. Rhd3 (43. Qg5 $142) 43... Rf5 44. Qe1 ({Don't play} 44. Rxd5 Rh5 45. Qxh5 Qxh5+ 46. Kg1 Rf7 $19) 44... Bc6 45. Rd6 $2 (45. Rh3) 45... Rc7 {[%emt 0:00:43] White must now prevent ...Rh5+.} 46. Rd8 $2 {[%emt 0:01:56] [#]} (46. Kg1 $19 Qc4 47. Rf2) 46... Rh5+ 47. Kg1 Qf4 48. Rf8 Qh2+ 49. Kf1 Qh1+ 50. Ke2 Qxg2+ 51. Kd1 Rd7 52. Rff2 Rxd2+ (52... Qg4+ $142 53. Kc2 Rh1 54. Qxh1 Bxh1 55. Rxd7 Qxd7) 53. Qxd2 Rh1+ 54. Kc2 Qe4+ 55. Kb2 Qb1+ (55... Ba4 $142 56. Ka3 Ra1+ 57. Qa2 Qb1 58. Kxa4 Rxa2+ 59. Rxa2 Qxa2+ 60. Kb5 e4 61. Bf8 Qb3+ 62. Bb4 e3 63. Kc5 e2 64. c4 Qb1 65. a6 Qb3 66. Be1 Qb1 67. Bb4 g5 68. Bc3 g4 69. Kd4 g3 70. Ke3 g2 71. Kd4 g1=Q+ 72. Kd5 Qd3+ 73. Bd4 Qgxd4+ 74. Ke6 Qd7+ 75. Kf6 Q3f5#) 56. Ka3 Qa1+ 57. Kb3 Qa4+ 58. Kb2 Be4 {[%emt 0:00:21] Weighted Error Value: White=1.19/Black=0.63} 0-1

[Event "37th ECCC 2022"]
[Site "Mayrhofen"]
[Date "2022.10.05"]
[Round "3.40"]
[White "Urkedal, Frode Olav Olsen"]
[Black "Georgiadis, Ioannis"]
[Result "1/2-1/2"]
[ECO "E16"]
[WhiteElo "2523"]
[BlackElo "2467"]
[Annotator "TA"]
[PlyCount "67"]
[EventDate "2022.10.03"]
[EventType "team-tourn"]
[EventCountry "AUT"]
[SourceTitle "playchess.com"]
[Source "ChessBase"]
[SourceQuality "1"]
[TimeControl "40/5400+30:1800+30"]

1. d4 Nf6 2. c4 e6 3. Nf3 b6 4. g3 Bb7 5. Bg2 Bb4+ 6. Bd2 c5 7. Bxb4 cxb4 8. O-O O-O 9. Qd3 d6 10. Nbd2 Qc7 {[%emt 0:00:44] E16: Queen's Indian: 4 g3 Bb7 5 Bg2 Bb4+.} 11. Rfd1 Re8 12. Ne1 {[%emt 0:06:36] [#]} Nc6 $146 {[%emt 0:08:41] White is slightly better.} ({Predecessor:} 12... Bxg2 13. Kxg2 e5 14. e4 Nc6 15. Nc2 a5 16. f3 Rad8 17. Rac1 Nd7 18. Nf1 f5 19. dxe5 Ndxe5 {½-½ (42) Ragger,M (2646)-Kuljasevic,D (2591) Austria 2014}) 13. Nc2 a5 14. a3 bxa3 15. Qxa3 Red8 16. e4 e5 17. Qe3 Nxd4 18. Nxd4 exd4 19. Qxd4 Bc6 {[%emt 0:00:08] [#]} (19... Nd7 $14) 20. Nb1 (20. Nf1 $1 $16) 20... b5 21. cxb5 Bxb5 22. Nc3 Bc6 23. Rd2 Rab8 {[%emt 0:08:16] The position is equal.} 24. Rad1 h6 25. e5 dxe5 26. Qc4 {[%emt 0:01:48] [#] Strongly threatening Rxd8+.} Rxd2 27. Rxd2 e4 $1 28. Nxe4 Ne8 29. Rc2 Bxe4 (29... Rb6 {seems wilder.} 30. Qd4 Rb4 31. Qd3 Bxe4 32. Bxe4 Qe5) 30. Qxc7 Nxc7 31. Bxe4 Ne6 32. Bd5 Kf8 33. Bxe6 fxe6 34. Kf1 {[%emt 0:00:25] Weighted Error Value: White=0.09 (flawless) /Black=0.07 (flawless)} 1/2-1/2